Map: Crimson Court LE

Players

Frogcute - Winner!

  • Race: Zerg Zerg
  • League: Diamond
  • Spawn Location: 1:00

A.I. 1 (Very Easy)

  • Race: Protoss Protoss
  • Spawn Location: 7:00

VOD

Have the link to the VOD?

Description

Time

  • Played on: Oct. 4, 2024, 8:28 a.m.
  • Length: 5:41
Show
View Real Time Build Order
Export as new Build Order

Frogcute Zerg - Winner!

Build Orders: Hatch First 

Get SALT Encoding   

  12  0:00  Drone  
  13  0:13  Overlord  
  13  0:19  Drone  
  14  0:31  Drone x2  
  16  0:50  Hatchery  
  16  0:53  Drone  
  16  1:08  Spawning Pool  
  16  1:09  Drone  
  16  1:14  Extractor  
  16  1:15  Drone  
  16  1:19  Drone  
  16  1:22  Drone  
  18  1:30  Drone  
  19  1:41  Drone  
  20  1:52  Overlord  
  20  1:54  Queen  
  22  2:02  Queen  
  22  2:04  Zergling x4  
  26  2:14  Drone x2  
  28  2:17  Metabolic Boost  
  28  2:23  Drone  
  28  2:25  Drone  
  30  2:34  Drone  
  30  2:35  Drone  
  32  2:48  Hatchery  
  31  2:52  Queen  
  31  2:56  Overlord  
  33  3:00  Drone  
  34  3:06  Drone x2  
  36  3:15  Drone x2  
  36  3:17  Drone  
  36  3:18  Drone  
  40  3:27  Overlord  
  40  3:29  Drone  
  41  3:37  Drone x3  
  41  3:40  Extractor  
  43  3:42  Drone  
  43  3:44  Baneling Nest  
  43  3:45  Overlord, Drone  
  46  3:48  Drone x2  
  46  3:58  Drone  
  46  3:59  Drone  
  48  4:18  Lair  
  48  4:20  Queen x2  
  48  4:22  Zergling x4  
  48  4:23  Zergling x12  
  48  4:24  Overlord  
  60  4:30  Zergling x12  
  66  4:32  Overlord  
  66  4:36  Overlord  
  66  4:43  Zergling x4  
  66  4:44  Zergling x2  
  69  4:47  Drone  
  70  4:53  Zergling x2  
  70  4:56  Zergling x4  
  73  5:02  Drone x3  
  73  5:03  Drone x3  
  79  5:11  Zergling x2  
  79  5:12  Zergling x4  
  81  5:17  Zergling x2  
  82  5:23  Zergling x2  
  82  5:24  Zergling x2  
Show
View Real Time Build Order
Export as new Build Order

A.I. 1 (Very Easy) Protoss 

Build Orders:  

Get SALT Encoding   

  12  0:00  Probe  
  13  0:13  Probe  
  14  0:19  Pylon  
  14  0:36  Assimilator  
  14  0:43  Gateway  
  14  0:46  Pylon  
  14  1:13  Assimilator  
  14  1:21  Probe  
  15  1:29  Probe  
  15  1:31  Zealot  
  17  1:35  Cybernetics Core  
  17  1:37  Probe  
  19  1:48  Probe  
  20  1:58  Probe  
  21  2:01  Warp Gate  
  21  2:06  Probe  
  22  2:42  Stalker  
  24  5:12  Stalker  
  26  5:15  Pylon  
  26  5:21  Probe  
Tags
 
League
Diamond
Matchup
PvZ
Spawn Locations
Cross Positions
Add a new tag
Caveats
  • Supply blocks, unpowered buildings, or Contaminate may cause inaccurate times.
  • Supply counts are checked every 10 seconds.